[ PARTIDA AOE2 · #506174553 ]
UnrankedEspañoles vs Gurjaras
Equipo del jugador · DERR
Equipo rival · VICT
[ ANÁLISIS DE REPETICIÓN · EXTRAÍDO DE LA PARTIDA GRABADA ]
Feudal
10:18
Castillos
20:34
Imperial
46:51
| APM promedio | 36.4 |
| APM pico | 81 |
| eAPM promedio | 22.1 |
| Aldeanos / militares | 188 / 184 |
Foco
⚔️ 32.4% · 🌾 67.6%
Spearman ×68 · Cavalry Archer ×60 · Conquistador ×19 · Knight ×16 · Archer ×6 · Missionary ×6
Feudal
11:24
Castillos
18:26
Imperial
47:52
| APM promedio | 56.0 |
| APM pico | 93 |
| eAPM promedio | 30.4 |
| Aldeanos / militares | 124 / 176 |
Foco
⚔️ 34.3% · 🌾 65.7%
Shrivamsha Rider ×38 · Camel Scout ×37 · Scorpion ×35 · Scout Cavalry ×20 · Petard ×14 · Chakram Thrower ×14
Mapa de la partida
Recursos iniciales + cada clic de construcción. Líneas = muros · curvas = relieve. ◆ oro · ⬟ piedra · ● bayas · ✦ reliquia · ◌ hueco del cierre
Tu base· ✓ Cerrada en 20:34 · 73t muro · 1 puerta(s)
Base de Mateus Viana· Abierta — hueco de 6t
Terreno inicial suavizado · ◌ = hueco del cierre detectado · pasá el cursor para detalles
Inputs por minuto
— jf - - Mateus Viana
Build order — jf
Primeras 150 de 546 acciones detectadas
| 0:02 | Encolar | Villager (Male) |
| 0:02 | Encolar | Villager (Male) |
| 0:04 | Construir | House |
| 0:05 | Construir | House |
| 0:27 | Encolar | Villager (Male) |
| 0:27 | Encolar | Villager (Male) |
| 1:38 | Encolar | Villager (Male) |
| 1:58 | Construir | Lumber Camp |
| 2:01 | Encolar | Villager (Male) |
| 2:32 | Encolar | Villager (Male) |
| 3:05 | Encolar | Villager (Male) |
| 3:05 | Encolar | Villager (Male) |
| 3:37 | Construir | House |
| 3:48 | Encolar | Villager (Male) |
| 4:03 | Encolar | Villager (Male) |
| 4:25 | Encolar | Villager (Male) |
| 4:28 | Construir | Dock |
| 4:30 | Construir | Palisade Wall |
| 4:32 | Construir | Palisade Wall |
| 5:02 | Encolar | Villager (Male) |
| 5:06 | Encolar | Fishing Ship |
| 5:21 | Encolar | Villager (Male) |
| 5:42 | Encolar | Villager (Male) |
| 5:50 | Construir | House |
| 5:52 | Encolar | Fishing Ship |
| 6:15 | Construir | House |
| 6:23 | Encolar | Villager (Male) |
| 6:47 | Encolar | Villager (Male) |
| 6:58 | Encolar | Fishing Ship |
| 7:19 | Investigar | Loom |
| 8:08 | Investigar | Feudal Age |
| 8:15 | Construir | Barracks |
| 8:52 | Construir | Mining Camp |
| 9:04 | Encolar | Villager (Male) |
| 9:15 | Construir | House |
| 9:21 | Encolar | Militia |
| 9:21 | Encolar | Militia |
| 9:44 | Encolar | Militia |
| 9:49 | Construir | Mill |
| 10:18 | Edad | Edad Feudal |
| 10:21 | Investigar | Man-at-Arms (upgrade) |
| 10:26 | Investigar | Double-Bit Axe |
| 10:39 | Encolar | Villager (Male) |
| 10:55 | Encolar | Villager (Male) |
| 11:02 | Construir | Archery Range |
| 11:15 | Encolar | Villager (Male) |
| 11:20 | Encolar | Unit 2626 |
| 11:27 | Construir | Palisade Wall |
| 11:40 | Encolar | Villager (Male) |
| 12:03 | Construir | House |
| 12:04 | Construir | Palisade Wall |
| 12:08 | Encolar | Archer |
| 12:12 | Encolar | Villager (Male) |
| 12:17 | Construir | House |
| 12:18 | Construir | Palisade Wall |
| 12:21 | Construir | Palisade Wall |
| 12:23 | Construir | Palisade Wall |
| 12:24 | Construir | Palisade Wall |
| 12:27 | Construir | Palisade Gate |
| 12:31 | Encolar | Villager (Male) |
| 12:32 | Encolar | Archer |
| 12:37 | Construir | Palisade Wall |
| 12:41 | Encolar | Spearman |
| 12:56 | Encolar | Archer |
| 12:56 | Encolar | Villager (Male) |
| 13:09 | Construir | Blacksmith |
| 13:19 | Encolar | Villager (Male) |
| 13:29 | Construir | Palisade Wall |
| 13:42 | Construir | House |
| 13:46 | Construir | House |
| 13:58 | Investigar | Fletching |
| 14:03 | Construir | House |
| 14:16 | Encolar | Archer |
| 14:23 | Encolar | Villager (Male) |
| 14:34 | Construir | Farm |
| 14:35 | Construir | Farm |
| 14:38 | Encolar | Archer |
| 14:38 | Encolar | Villager (Male) |
| 15:09 | Encolar | Archer |
| 15:12 | Encolar | Villager (Male) |
| 15:15 | Construir | Farm |
| 15:31 | Encolar | Fishing Ship |
| 16:02 | Encolar | Villager (Male) |
| 16:12 | Construir | Market |
| 16:16 | Construir | Farm |
| 16:22 | Encolar | Villager (Male) |
| 16:49 | Encolar | Villager (Male) |
| 16:50 | Construir | Farm |
| 16:51 | Construir | Farm |
| 16:57 | Construir | Farm |
| 16:58 | Construir | Farm |
| 17:11 | Encolar | Villager (Male) |
| 17:25 | Construir | Farm |
| 17:26 | Construir | Farm |
| 17:54 | Investigar | Castle Age |
| 18:26 | Encolar | Villager (Male) |
| 18:28 | Construir | Stable |
| 18:37 | Encolar | Spearman |
| 18:41 | Investigar | Horse Collar |
| 18:54 | Construir | Farm |
| 18:56 | Construir | Farm |
| 19:01 | Construir | Farm |
| 19:21 | Construir | Stone Wall |
| 19:23 | Construir | Stone Wall |
| 19:27 | Construir | Stone Wall |
| 19:32 | Construir | Stone Wall |
| 19:49 | Construir | Stone Wall |
| 19:51 | Construir | Stone Wall |
| 20:10 | Construir | Stone Wall |
| 20:15 | Encolar | Villager (Male) |
| 20:16 | Construir | Archery Range |
| 20:21 | Investigar | Bloodlines |
| 20:34 | Edad | Edad de los Castillos |
| 20:42 | Encolar | Cavalry Archer |
| 20:42 | Encolar | Cavalry Archer |
| 20:52 | Construir | Gate |
| 21:00 | Investigar | Bow Saw |
| 21:06 | Encolar | Villager (Male) |
| 21:10 | Construir | Archery Range |
| 21:30 | Encolar | Cavalry Archer |
| 21:44 | Investigar | Bodkin Arrow |
| 21:46 | Encolar | Cavalry Archer |
| 21:52 | Encolar | Cavalry Archer |
| 21:56 | Encolar | Villager (Male) |
| 22:06 | Construir | Stone Wall |
| 22:07 | Construir | Stone Wall |
| 22:13 | Encolar | Cavalry Archer |
| 22:13 | Encolar | Cavalry Archer |
| 22:14 | Encolar | Villager (Male) |
| 22:16 | Construir | House |
| 22:26 | Encolar | Cavalry Archer |
| 22:32 | Construir | House |
| 22:32 | Construir | House |
| 22:43 | Construir | Farm |
| 22:47 | Encolar | Villager (Male) |
| 22:59 | Encolar | Cavalry Archer |
| 23:00 | Encolar | Cavalry Archer |
| 23:01 | Encolar | Villager (Male) |
| 23:16 | Construir | Archery Range |
| 23:20 | Encolar | Cavalry Archer |
| 23:31 | Encolar | Cavalry Archer ×2 |
| 23:33 | Construir | House |
| 23:34 | Construir | House |
| 23:39 | Investigar | Husbandry |
| 23:45 | Encolar | Fishing Ship |
| 23:54 | Encolar | Cavalry Archer |
| 23:54 | Encolar | Cavalry Archer |
| 24:08 | Encolar | Villager (Male) |
| 24:11 | Construir | Siege Workshop |
| 24:23 | Encolar | Cavalry Archer ×3 |
Build order — Mateus Viana
Primeras 150 de 499 acciones detectadas
| 0:01 | Encolar | Villager (Male) |
| 0:01 | Encolar | Villager (Male) |
| 0:03 | Construir | House |
| 0:05 | Construir | House |
| 0:09 | Encolar | Villager (Male) |
| 0:23 | Encolar | Villager (Male) |
| 1:25 | Encolar | Villager (Male) |
| 1:40 | Construir | Mill |
| 2:00 | Encolar | Villager (Male) |
| 2:23 | Encolar | Villager (Male) |
| 2:58 | Encolar | Villager (Male) |
| 3:22 | Encolar | Villager (Male) |
| 3:30 | Encolar | Villager (Male) |
| 3:54 | Construir | House |
| 3:59 | Encolar | Villager (Male) |
| 4:06 | Construir | Lumber Camp |
| 4:31 | Encolar | Villager (Male) |
| 4:38 | Encolar | Villager (Male) |
| 4:44 | Encolar | Villager (Male) |
| 5:54 | Encolar | Villager (Male) |
| 5:55 | Encolar | Villager (Male) |
| 5:59 | Construir | Mill |
| 6:10 | Encolar | Villager (Male) |
| 6:14 | Construir | House |
| 6:48 | Construir | Mill |
| 6:54 | Construir | Mill |
| 7:01 | Encolar | Villager (Male) |
| 7:06 | Encolar | Villager (Male) |
| 7:13 | Construir | Mill |
| 7:25 | Encolar | Villager (Male) |
| 7:29 | Encolar | Villager (Male) |
| 7:38 | Construir | Mining Camp |
| 7:43 | Construir | Mining Camp |
| 8:24 | Investigar | Loom |
| 8:46 | Investigar | Feudal Age |
| 9:11 | Construir | Mill |
| 9:48 | Construir | Lumber Camp |
| 10:18 | Encolar | Villager (Male) |
| 10:18 | Encolar | Villager (Male) |
| 10:26 | Construir | House |
| 10:58 | Construir | Palisade Wall |
| 11:01 | Construir | Palisade Wall |
| 11:03 | Construir | Palisade Wall |
| 11:24 | Edad | Edad Feudal |
| 11:32 | Construir | Blacksmith |
| 11:46 | Construir | Watch Tower |
| 11:54 | Encolar | Villager (Male) |
| 11:58 | Construir | Market |
| 12:02 | Construir | Palisade Wall |
| 12:06 | Encolar | Villager (Male) |
| 12:13 | Encolar | Villager (Male) |
| 13:02 | Construir | House |
| 13:04 | Construir | Palisade Wall |
| 13:08 | Encolar | Villager (Male) |
| 13:32 | Investigar | Horse Collar |
| 13:35 | Construir | House |
| 13:40 | Construir | Farm |
| 13:42 | Construir | Farm |
| 14:17 | Construir | Watch Tower |
| 14:25 | Encolar | Villager (Male) |
| 14:34 | Construir | Palisade Gate |
| 14:43 | Encolar | Villager (Male) |
| 14:51 | Encolar | Villager (Male) |
| 15:21 | Encolar | Villager (Male) |
| 15:44 | Investigar | Castle Age |
| 15:45 | Investigar | Castle Age |
| 16:26 | Investigar | Fletching |
| 16:29 | Investigar | Scale Barding Armor |
| 17:09 | Investigar | Double-Bit Axe |
| 18:16 | Encolar | Villager (Male) |
| 18:26 | Edad | Edad de los Castillos |
| 18:46 | Construir | Farm |
| 19:00 | Construir | Castle |
| 19:06 | Encolar | Villager (Male) |
| 19:21 | Construir | Farm |
| 19:48 | Encolar | Villager (Male) |
| 20:08 | Encolar | Villager (Male) |
| 20:17 | Construir | Farm |
| 20:19 | Construir | Farm |
| 20:36 | Encolar | Villager (Male) |
| 20:48 | Construir | Farm |
| 20:52 | Construir | Farm |
| 20:54 | Construir | Farm |
| 21:05 | Encolar | Villager (Male) |
| 21:05 | Encolar | Villager (Male) |
| 21:23 | Encolar | Villager (Male) |
| 21:45 | Construir | Outpost |
| 21:46 | Encolar | Villager (Male) |
| 21:52 | Encolar | Villager (Male) |
| 22:18 | Encolar | Chakram Thrower |
| 22:18 | Encolar | Chakram Thrower |
| 22:34 | Construir | Town Center |
| 22:40 | Encolar | Villager (Male) |
| 22:43 | Encolar | Villager (Male) |
| 22:59 | Construir | Farm |
| 23:02 | Encolar | Villager (Male) |
| 23:09 | Construir | Monastery |
| 23:16 | Construir | Town Center |
| 23:17 | Encolar | Villager (Male) |
| 23:40 | Construir | Palisade Wall |
| 23:46 | Construir | House |
| 24:00 | Encolar | Villager (Male) |
| 24:08 | Encolar | Villager (Male) |
| 24:10 | Construir | Farm |
| 24:14 | Encolar | Villager (Male) |
| 24:15 | Encolar | Villager (Male) |
| 24:24 | Construir | Farm |
| 24:24 | Construir | Farm |
| 24:24 | Construir | Farm |
| 24:25 | Construir | Farm |
| 24:25 | Construir | Farm |
| 24:26 | Encolar | Villager (Male) |
| 24:32 | Construir | Farm |
| 24:33 | Encolar | Villager (Male) |
| 24:41 | Construir | Siege Workshop |
| 25:05 | Encolar | Villager (Male) |
| 25:05 | Encolar | Villager (Male) |
| 25:19 | Construir | Farm |
| 25:26 | Encolar | Scorpion |
| 25:26 | Encolar | Scorpion |
| 25:45 | Construir | House |
| 25:53 | Construir | Palisade Wall |
| 26:14 | Construir | Siege Workshop |
| 26:22 | Encolar | Villager (Male) |
| 26:22 | Encolar | Villager (Male) |
| 26:22 | Encolar | Villager (Male) |
| 26:23 | Encolar | Villager (Male) |
| 26:27 | Encolar | Scorpion |
| 26:42 | Encolar | Villager (Male) |
| 26:53 | Encolar | Mangonel |
| 26:57 | Encolar | Villager (Male) |
| 27:00 | Construir | House |
| 27:01 | Construir | House |
| 27:13 | Encolar | Chakram Thrower |
| 27:36 | Encolar | Mangonel |
| 28:14 | Encolar | Scorpion |
| 28:17 | Construir | Lumber Camp |
| 28:31 | Construir | Lumber Camp |
| 28:42 | Encolar | Villager (Male) |
| 28:42 | Encolar | Villager (Male) |
| 29:50 | Construir | Siege Workshop |
| 29:55 | Encolar | Villager (Male) |
| 29:55 | Encolar | Villager (Male) |
| 29:56 | Encolar | Villager (Male) |
| 30:02 | Construir | Barracks |
| 30:06 | Investigar | Town Watch |
| 30:06 | Investigar | Town Watch |
| 30:07 | Investigar | Scale Mail Armor |
| 30:09 | Investigar | Chain Barding Armor |
| 30:18 | Investigar | Chain Barding Armor |
Cronología de la partida
| 4:28 | jf · first_building Dock |
| 4:30 | jf · wall_segment Palisade Wall x1 |
| 4:32 | jf · wall_segment Palisade Wall x1 |
| 8:15 | jf · first_building Barracks |
| 10:18 | jf · age_up feudal |
| 10:58 | Mateus Viana · wall_segment Palisade Wall x1 |
| 11:01 | Mateus Viana · wall_segment Palisade Wall x1 |
| 11:02 | jf · first_building Archery Range |
| 11:03 | Mateus Viana · wall_segment Palisade Wall x1 |
| 11:24 | Mateus Viana · age_up feudal |
| 11:27 | jf · wall_segment Palisade Wall x6 |
| 12:02 | Mateus Viana · wall_segment Palisade Wall x3 |
| 12:04 | jf · wall_segment Palisade Wall x5 |
| 12:18 | jf · wall_segment Palisade Wall x3 |
| 12:21 | jf · wall_segment Palisade Wall x2 |
| 12:23 | jf · wall_segment Palisade Wall x6 |
| 12:24 | jf · wall_segment Palisade Wall x1 |
| 12:37 | jf · wall_segment Palisade Wall x1 |
| 13:04 | Mateus Viana · wall_segment Palisade Wall x1 |
| 13:29 | jf · wall_segment Palisade Wall x11 |
| 14:10 | Mateus Viana · first_market_buy 100 stone |
| 16:59 | Mateus Viana · first_market_sell 100 food |
| 17:04 | jf · first_market_buy 100 food |
| 17:51 | jf · first_market_sell 100 wood |
| 18:26 | Mateus Viana · age_up castle |
| 18:28 | jf · first_building Stable |
| 19:00 | Mateus Viana · first_building Castle |
| 19:21 | jf · wall_segment Stone Wall x5 |
| 19:23 | jf · wall_segment Stone Wall x5 |
| 19:27 | jf · wall_segment Stone Wall x1 |
| 19:32 | jf · wall_segment Stone Wall x12 |
| 19:49 | jf · wall_segment Stone Wall x7 |
| 19:51 | jf · wall_segment Stone Wall x2 |
| 20:10 | jf · wall_segment Stone Wall x4 |
| 20:34 | jf · age_up castle |
| 22:06 | jf · wall_segment Stone Wall x3 |
| 22:07 | jf · wall_segment Stone Wall x1 |
| 23:09 | Mateus Viana · first_building Monastery |
| 23:40 | Mateus Viana · wall_segment Palisade Wall x1 |
| 24:11 | jf · first_building Siege Workshop |
| 24:41 | Mateus Viana · first_building Siege Workshop |
| 25:53 | Mateus Viana · wall_segment Palisade Wall x1 |
| 27:14 | jf · first_building Monastery |
| 30:02 | Mateus Viana · first_building Barracks |
| 31:20 | Mateus Viana · first_building Stable |
| 34:59 | jf · wall_segment Stone Wall x3 |
| 35:22 | jf · wall_segment Stone Wall x2 |
| 37:52 | jf · first_building Castle |
| 41:04 | jf · wall_segment Stone Wall x7 |
| 42:41 | jf · wall_segment Stone Wall x15 |
| 44:56 | jf · wall_segment Stone Wall x2 |
| 44:58 | jf · wall_segment Stone Wall x3 |
| 44:59 | jf · wall_segment Stone Wall x2 |
| 46:46 | jf · wall_segment Stone Wall x6 |
| 46:51 | jf · age_up imperial |
| 47:29 | jf · wall_segment Stone Wall x4 |
| 47:52 | Mateus Viana · age_up imperial |
| 49:38 | Mateus Viana · wall_segment Palisade Wall x1 |
| 49:40 | jf · wall_segment Stone Wall x5 |
| 50:06 | jf · wall_segment Stone Wall x2 |
| 58:02 | jf · resign |
[ ANÁLISIS IA · 1 CRÉDITO ]
¿Qué pasó realmente en esta partida?
Wolo.gg analiza cada decisión: build order, eco, micro, errores típicos por bracket. Análisis personalizado por WhatsApp o Discord en 30 segundos.
Guía civ
Españoles
Perfil
Jugador #2128432